 Dungeon Crawl Stone Soup version 0.31.0-11-ge490571c62 (webtiles) character file.

Game seed: 14613652956752968295

4 mopl the Apothecary (level 1, -1/13 HPs)
             Began as a Formicid Alchemist on Feb 7, 2024.
             Slain by a jackal (3 damage)
             ... on level 1 of the Dungeon.
             The game lasted 00:00:20 (67 turns).

mopl the Apothecary (Formicid Alchemist)              Turns: 67, Time: 00:00:21

Health: -1/13      AC:  2    Str: 12    XL:     1   Next: 66%
Magic:  1/3        EV: 12    Int: 14    God:
Gold:   0          SH:  0    Dex: 14    Spells: 3/4 levels left

rFire   . . .        (no weapon)
rCold   . . .        (no shield)
rNeg    . . .        a - +0 robe
rPois   .            (helmet unavailable)
rElec   .            (no cloak)
rCorr   .            (no gloves)
SInv    +            (no boots)
Will    .....        (no amulet)
Stlth   ++           (no ring)
HPRegen 0.22/turn    (no ring)
MPRegen 0.08/turn

%: no passive effects
@: no status effects
A: permanent stasis, dig shafts and tunnels, antennae 3, four strong arms
a: Dig, Shaft Self


You were on level 1 of the Dungeon.
You visited 1 branch of the dungeon, and saw 1 of its levels.

Inventory:

Armour
 a - a +0 robe (worn)
Potions
 b - a potion of magic


   Skills:
 - Level 1.7 Dodging
 - Level 2.4 Stealth
 + Level 2.3 Spellcasting
 - Level 1.0 Conjurations
 + Level 4.2 Alchemy


You had 3 spell levels left.
You knew the following spells:

 Your Spells              Type           Power      Damage    Failure   Level
a - Sting                 Conj/Alch      32%        1d5       8%          1

Your spell library contained the following spells:

 Spells                   Type           Power      Damage    Failure   Level
 Mercury Vapours          Alch/Air       14%        N/A       14%         2
 Mephitic Cloud           Conj/Alch/Air  6%         N/A       34%         3
 Olgreb's Toxic Radiance  Alch           13%        N/A       38%         4
 Sticky Flame             Fire/Alch      7%         2d4       67%         4


Dungeon Overview and Level Annotations

Branches:
Dungeon (1/15)

Altars:


Innate Abilities, Weirdness & Mutations

You cannot be hasted, slowed, berserked, paralysed or teleported.
You can dig through walls and to a lower floor.
You have a pair of large antennae on your head. (SInv)
Your four strong arms can wield two-handed weapons with a shield.


Message History

No target in view!
A hobgoblin comes into view.
A hobgoblin is nearby! 2 jackals and a kobold come into view.
The hobgoblin shouts!
The kobold moves out of view.
Found 14 gold pieces.
The jackal barks!
The sting misses the hobgoblin.
You are out of magic!
You closely miss the hobgoblin.
A jackal comes into view.
The hobgoblin hits you.
You barely miss the hobgoblin. The hobgoblin barely misses you.
You barely miss the hobgoblin. The hobgoblin closely misses you.
The jackal bites you.
The jackal barks!
You hit the hobgoblin but do no damage.
You hear a bark!
The jackal closely misses you. The hobgoblin hits you.
* * * LOW HITPOINT WARNING * * *
You barely miss the hobgoblin. The jackal barely misses you.
A jackal comes into view.
The hobgoblin barely misses you.
You closely miss the hobgoblin. The jackal bites you.
* * * LOW HITPOINT WARNING * * *
The hobgoblin hits you but does no damage.
You hit the hobgoblin but do no damage. The jackal barely misses you.
The hobgoblin barely misses you.
You hit the hobgoblin.
The hobgoblin is moderately wounded.
The jackal misses you. The hobgoblin misses you.
The jackal bites you but does no damage.
You hit the hobgoblin but do no damage.
The hobgoblin is moderately wounded.
The jackal barely misses you. The hobgoblin completely misses you.
You hit the hobgoblin but do no damage.
The hobgoblin is moderately wounded.
The jackal bites you.
You die...

.# .. $.. .# #.# .# .#.#
#.# .#### ...# #.#
..'.## #..# #.# .###.#
#..# #.# ####.# #..# #g#
# #.## #..# #@#
#.####..######h######
##.##.........hh......
####'##...#######h######
......#...# .#
......#.### .# #####...#
.# #######.# .#
........# .#


You could see 4 jackals and a hobgoblin.

Vanquished Creatures
  A ball python (D:1)
  2 endoplasms (D:1)
3 creatures vanquished.

Notes
Turn   | Place    | Note
-------+----------+-------------------------------------------
     0 | D:1      | mopl the Formicid Alchemist began the quest for the Orb.
     0 | D:1      | Reached XP level 1. HP: 13/13 MP: 3/3
    38 | D:1      | Reached skill level 1 in Conjurations
    67 | D:1      | Slain by a jackal

Illustrated notes

Levels and vault maps discovered:
D:1:      dpeg_arrival_round_a, layout_loops_ring

Skill      XL: |  1 |
---------------+----+-----
Conjurations   | 1 |  1.0
Dodging        | |  1.7
Stealth        | |  2.4
Spellcasting   | |  2.3
Alchemy        | |  4.2

Action                     || total
---------------------------++-------
  Melee: Unarmed           ||    16
         Punch             ||     1
   Cast: Sting             ||     5
   Stab: Sleeping          ||     1
 Armour: Robe              ||    12
  Dodge: Dodged            ||    15
